AoeStats
← Morris=w=

Arena

508950583Analyzed
4v4 RM · 8d ago on Sep 24, 2026· 56m 3s· 8 players
Game mode
Random Map
Map size
Large (8 player)
Population
200
Speed
Normal
Resources
Standard
Victory
Conquest
Starting age
Dark Age
Ending age
Imperial Age
RankedLock teamsTeams togetherTeam positionsShared explorationLock speedFull tech treeHidden civsTurbo modeCheats
Victory
Defeat
🇲🇽 Franks · Mexico
1585
+18
🇪🇸 Bohemians · Spain
1526
+21
🇭🇰 Persians · Hong Kong SAR China
1517
+21
🇲🇽 Spanish · Mexico
1415
+25
🇮🇪 Danes · Ireland
1677
-23
🇮🇪 Varangians · Ireland
1631
-21
🇮🇪 Saxons · Ireland
1614
-21
🇬🇧 Hindustanis · United Kingdom
1596
-20
EL MAYA
9:40 Loom
11:28 Feudal Age
17:56 Castle Age
16:12 Double-Bit Axe
16:20 Fletching
18:45 Bodkin Arrow
27:38 Bloodlines
28:45 Husbandry
33:52 Bow Saw
35:24 Horse Collar
38:37 Heavy Plow
39:37 Wheelbarrow
40:15 Gold Mining
42:16 Hand Cart
43:42 Fortified Wall
47:51 Imperial Age
46:24 Ballistics
46:07 Padded Archer Armor
45:49 Elite Skirmisher
47:19 Leather Archer Armor
49:37 Chemistry
48:50 Bracer
51:07 Ring Archer Armor
52:09 Two-Man Saw
52:00 Conscription
53:06 Scale Mail Armor
53:17 Forging
52:30 Pikeman
52:56 Gambesons
53:27 Stone Mining
53:44 Arson
53:40 Halberdier
54:39 Chain Mail Armor
56:11 Plate Mail Armor
56:17 Iron Casting
56:26 Stone Shaft Mining
56:36 Caravan
57:09 Coinage
56:51 Guilds
TandemTooth
10:41 Feudal Age
11:34 Double-Bit Axe
14:26 Castle Age
13:33 Horse Collar
13:56 Padded Archer Armor
15:33 Bow Saw
16:57 Chemistry
17:50 Loom
22:17 Heavy Plow
23:20 Wheelbarrow
25:19 Leather Archer Armor
26:33 Town Watch
35:47 Imperial Age
37:58 Ring Archer Armor
41:06 Two-Man Saw
43:43 Hand Cart
44:50 Conscription
45:44 Siege Engineers
46:34 Fletching
47:13 Caravan
47:52 Bodkin Arrow
51:11 Scale Mail Armor
51:21 Forging
51:13 Squires
50:51 Pikeman
52:30 Chain Mail Armor
52:59 Halberdier
54:52 Plate Mail Armor
54:58 Iron Casting
loco_angel
10:12 Feudal Age
11:07 Double-Bit Axe
14:24 Castle Age
15:39 Bow Saw
22:55 Gold Mining
24:31 Wheelbarrow
28:16 Imperial Age
26:07 Hand Cart
25:51 Loom
25:52 Town Watch
27:03 Gold Shaft Mining
26:32 Husbandry
26:41 Scale Barding Armor
28:03 Forging
28:37 Stone Mining
29:21 Chain Barding Armor
28:54 Cavalier
30:24 Paladin
33:26 Plate Barding Armor
32:52 Scale Mail Armor
32:20 Pikeman
33:00 Squires
32:45 Arson
34:28 Conscription
36:03 Iron Casting
35:46 Chain Mail Armor
35:53 Halberdier
37:07 Plate Mail Armor
38:48 Elite Throwing Axeman
41:07 Blast Furnace
39:59 Fletching
43:28 Hoardings
45:57 Light Cavalry
47:27 Bodkin Arrow
47:32 Padded Archer Armor
50:20 Ordonnance Companies
54:20 Leather Archer Armor
54:11 Caravan
54:41 Coinage
56:06 Hoardings
55:25 Capped Ram
Morris=w=
10:01 Feudal Age
11:25 Double-Bit Axe
13:48 Castle Age
12:31 Horse Collar
15:09 Bow Saw
21:54 Heavy Plow
22:44 Loom
25:15 Wheelbarrow
24:32 Gold Mining
24:33 Stone Mining
24:39 Stone Mining
29:24 Imperial Age
26:33 Pikeman
27:13 Squires
27:19 Scale Mail Armor
27:28 Town Watch
28:41 Hand Cart
28:14 Gambesons
28:47 Chain Mail Armor
28:20 Arson
29:03 Capped Ram
29:05 Halberdier
31:00 Two-Man Saw
30:43 Conscription
30:16 Siege Ram
31:50 Plate Mail Armor
32:24 Hoardings
32:32 Forging
33:38 Chemistry
36:03 Iron Casting
36:32 Scale Barding Armor
35:57 Light Cavalry
36:47 Bloodlines
36:37 Husbandry
36:34 Hussar
38:23 Chain Barding Armor
39:05 Blast Furnace
39:14 Coinage
38:37 Cavalier
40:02 Plate Barding Armor
39:19 Fletching
40:35 Savar
47:45 Gold Shaft Mining
49:55 Banking
50:07 Crop Rotation
55:47 Stone Shaft Mining
56:11 Caravan
Zeriel
11:02 Feudal Age
12:28 Double-Bit Axe
14:58 Castle Age
13:03 Horse Collar
14:23 Bloodlines
15:24 Light Cavalry
16:44 Wheelbarrow
21:15 Husbandry
22:36 Bow Saw
22:31 Heavy Plow
23:41 Light Cavalry
24:08 Loom
24:10 Town Watch
25:31 Hand Cart
30:33 Imperial Age
29:03 Fortified Wall
28:59 Gold Mining
28:59 Stone Mining
29:16 Scale Barding Armor
29:21 Forging
30:47 Cavalier
31:51 Chain Barding Armor
32:59 Iron Casting
31:52 Vendel Legacy
33:45 Plate Barding Armor
34:17 Herbal Medicine
36:13 Blast Furnace
36:15 Pikeman
36:55 Squires
36:40 Arson
36:56 Scale Mail Armor
37:44 Conscription
36:49 Gothikon
37:29 Elite Varangian Guard
38:53 Chain Mail Armor
40:14 Plate Mail Armor
40:30 Stone Shaft Mining
39:36 Capped Ram
41:13 Siege Ram
42:22 Gothikon
43:18 Guilds
44:27 Caravan
44:27 Gambesons
44:17 Halberdier
47:02 Hussar
47:15 Man-at-Arms
47:41 Man-at-Arms
49:11 Coinage
49:15 Crop Rotation
50:59 Two-Man Saw
52:52 Fletching
55:12 Siege Engineers
SmithAoE
6:27 Loom
8:39 Feudal Age
9:37 Double-Bit Axe
12:19 Fletching
13:37 Town Watch
21:47 Castle Age
21:18 Stone Mining
21:18 Gold Mining
23:08 Bodkin Arrow
24:59 Horse Collar
30:25 Bow Saw
33:11 Ballistics
35:07 Guard Tower
40:01 Wheelbarrow
40:45 Heavy Plow
45:10 Imperial Age
42:56 Hand Cart
43:11 Padded Archer Armor
43:14 Crossbowman
43:34 Crossbowman
44:31 Leather Archer Armor
44:22 Thumb Ring
45:47 Arbalester
46:29 Bracer
46:59 Ring Archer Armor
47:31 Chemistry
47:18 Ring Archer Armor
48:29 Pikeman
49:10 Squires
49:14 Caravan
50:37 Conscription
50:01 Elite Skirmisher
50:51 Scale Mail Armor
51:01 Forging
51:40 Fortified Wall
51:36 Siege Engineers
51:41 Masonry
52:41 Crop Rotation
53:12 Two-Man Saw
53:36 Shield Wall
56:04 Murder Holes
56:39 Architecture
56:57 Hoardings
56:39 Chain Mail Armor
56:59 Iron Casting
impirion
10:40 Feudal Age
11:46 Double-Bit Axe
14:30 Castle Age
12:22 Horse Collar
16:09 Bow Saw
16:01 Heavy Plow
21:02 Wheelbarrow
23:06 Gold Mining
23:07 Stone Mining
23:05 Loom
27:35 Imperial Age
26:04 Gold Shaft Mining
25:43 Forging
25:38 Scale Barding Armor
25:44 Scale Barding Armor
27:01 Hand Cart
27:12 Bloodlines
27:02 Husbandry
27:40 Chain Barding Armor
28:26 Iron Casting
30:06 Chemistry
29:34 Town Watch
29:11 Heavy Camel Rider
31:57 Blast Furnace
31:33 Plate Barding Armor
31:23 Fletching
31:55 Ballistics
31:41 Siege Engineers
32:12 Padded Archer Armor
32:17 Town Patrol
32:44 Conscription
32:27 Shatagni
35:26 Leather Archer Armor
35:07 Bodkin Arrow
34:47 Imperial Camel Rider
34:51 Light Cavalry
37:13 Hussar
46:24 Bracer
46:54 Ring Archer Armor
46:37 Masonry
49:37 Caravan
PossiblySean
9:23 Feudal Age
9:48 Double-Bit Axe
9:50 Horse Collar
15:39 Castle Age
14:59 Loom
16:45 Gold Mining
17:11 Scale Mail Armor
18:38 Squires
19:01 Forging
23:43 Gold Shaft Mining
23:04 Fletching
23:15 Padded Archer Armor
24:44 Bodkin Arrow
24:18 Crossbowman
25:54 Ballistics
31:02 Bow Saw
32:21 Leather Archer Armor
36:45 Elite Skirmisher
39:26 Heavy Plow
41:44 Wheelbarrow
45:28 Thumb Ring
Connection lost

Rejoining the realm…

Still unreachable

The connection could not be restored.

Session expired

The server has moved on; the page needs a fresh start.